 Dungeon Crawl Stone Soup version 0.26-a0-668-gd58323b419 (webtiles) character file.

Game seed: 9282544800998059043

7608 Thatotherguy the Severer (level 11, -1/77 HPs)
             Began as a Formicid Fighter on Oct 19, 2020.
             Was a Believer of Qazlal.
             Slain by an ettin (31 damage)
             ... on level 1 of the Lair of Beasts.
             The game lasted 00:20:17 (9589 turns).

Thatotherguy the Severer (Formicid Fighter)         Turns: 9589, Time: 00:20:18

Health: -1/77      AC: 18    Str: 25    XL:     11   Next: 40%
Magic:  12/12      EV:  2    Int:  7    God:    Qazlal [**....]
Gold:   374        SH: 17    Dex: 10    Spells: 10/10 levels left

rFire    . . .     SeeInvis +   J - +3 battleaxe
rCold    . . .     Faith    .   c - +0 kite shield
rNeg     . . .     Spirit   .   m - +0 crystal plate armour
rPois    .         Reflect  +   (helmet unavailable)
rElec    .         Harm     .   o - +0 cloak
rCorr    .         Rampage  .   s - +0 pair of gloves
MR       +....                  (no boots)
Stlth    ..........             i - amulet of reflection
HPRegen  0.22/turn              B - ring of flight
MPRegen  0.13/turn              (no ring)

@: no status effects
A: permanent stasis, dig shafts and tunnels, four strong arms, antennae 3
a: Dig, Shaft Self, Upheaval, Renounce Religion, Evoke Flight


You were on level 1 of the Lair of Beasts.
You worshipped Qazlal.
Qazlal was pleased with you.
You visited 3 branches of the dungeon, and saw 12 of its levels.

You collected 694 gold pieces.
You spent 320 gold pieces at shops.

Inventory:

Hand Weapons
 a - a +0 war axe
 J - a +3 battleaxe (weapon)
Armour
 c - a +0 kite shield (worn)
 m - a +0 crystal plate armour (worn)
 o - a +0 cloak (worn)
 s - a +0 pair of gloves (worn)
 w - the +3 leather armour of Heschuem {rF+ Str+2 Int-5}
   (You found it on level 4 of the Dungeon)

   It affects your strength (+2).
   It affects your intelligence (-5).
   It protects you from fire.
Jewellery
 d - an uncursed amulet of the acrobat
 i - an amulet of reflection (around neck)
 B - a ring of flight (left hand)
 I - an uncursed ring of protection from cold {unknown}
Wands
 D - a wand of polymorph (29)
 G - a wand of digging (3)
Scrolls
 b - 2 scrolls of magic mapping {unknown}
 f - 4 scrolls of enchant armour {unknown}
 h - 8 scrolls of remove curse
 j - 12 scrolls of identify
 l - 4 scrolls of fear {unknown}
 p - 2 scrolls of immolation
 r - 2 scrolls of random uselessness {unknown}
 t - a scroll of blinking
 v - 4 scrolls of teleportation {unknown}
 x - a scroll of enchant weapon {unknown}
 y - a scroll of amnesia {unknown}
Potions
 e - a potion of flight
 g - 2 potions of degeneration {unknown}
 k - 7 potions of curing
 n - 4 potions of magic {unknown}
 q - 2 potions of heal wounds {unknown}
 u - a potion of ambrosia {unknown}
 z - a potion of lignification {unknown}
 A - 3 potions of stabbing {unknown}
 C - 3 potions of invisibility {unknown}
 E - a potion of brilliance {unknown}
 H - a potion of mutation {unknown}
Miscellaneous
 F - a condenser vane (2/2)


   Skills:
 + Level 4.2 Fighting
 - Level 15.7 Axes
 - Level 3.2 Armour
 - Level 3.6 Shields
 + Level 2.5 Invocations


You had 10 spell levels left.
You didn't know any spells.
Your spell library contained the following spells:

 Spells                   Type           Power        Failure   Level
 Animate Skeleton         Necr           #.....       100%        1
 Apportation              Tloc           #.....       100%        1
 Corona                   Hex            #......      100%        1
 Magic Dart               Conj           #...         100%        1
 Summon Small Mammal      Summ           #...         100%        1
 Searing Ray              Conj           #.....       100%        2
 Dazzling Flash           Conj/Hex       #.....       100%        3
 Fulminant Prism          Conj/Hex       #.........   100%        4
 Iskenderun's Mystic Bla  Conj/Tloc      #.......     100%        4


Dungeon Overview and Level Annotations

Branches:
Dungeon (10/15)            Temple (1/1) D:7            Lair (1/6) D:10
    Orc: D:9-12

Altars:
Ashenzari
Dithmenos
Hepliaklqana
Nemelex Xobeh
Qazlal
Ru
Sif Muna
Vehumet
Yredelemnul
Zin
The Shining One

Shops:
D:4 (   D:5 *[   D:6 }?*   D:7 }   D:9 *   D:10 [*=


Innate Abilities, Weirdness & Mutations

You cannot be hasted, slowed, berserked, paralysed or teleported.
You can dig through walls and to a lower floor.
Your four strong arms can wield two-handed weapons with a shield.
You have a pair of large antennae on your head. (SInv)


Message History

You slash the ettin!
The ettin is heavily wounded.
The ettin is engulfed in freezing vapours.
You block the ettin's attack. The ettin hits you.
You hit the ettin.
The ettin is heavily wounded.
The ettin is engulfed in freezing vapours.
You block the ettin's attack. x2
You hit the ettin but do no damage.
The ettin is severely wounded.
The ettin is engulfed in freezing vapours.
The ettin hits you! The ettin hits you!!
You hit the ettin but do no damage.
The ettin is almost dead.
You block the ettin's attack. x2
You hit the ettin.
The ettin is almost dead.
You slash the plant!
The plant begins to die.
You hit the plant.
The plant begins to die.
The ettin completely misses you. The ettin hits you!!
You die...

#..# #..# #..# #..# #..# #..#
####### #..#
.###############PP##.####..##
...............C@...........#
..........†.†°(.☼..........##
...>......†................#
###.#################P##...#
## #####..# #..# #..# ..# ..


You could see an ettin.

Vanquished Creatures
  A two-headed ogre (D:9)
  Nergalle (Lair:1)
  Joseph (D:8)
  Psyche (D:8)
  A komodo dragon (Lair:1)
  A rime drake (Lair:1)
  2 trolls
  3 yaks (Lair:1)
  A basilisk (Lair:1)
  A water moccasin (Lair:1)
  5 sky beasts
  2 orc warriors
  2 ice beasts (D:6)
  A necrophage (D:5)
  A black bear (D:7)
  2 ogres
  3 centaurs
  2 big kobolds
  11 bullfrogs
  A water moccasin zombie (D:9)
  3 scorpions
  A water moccasin skeleton (D:5)
  3 killer bees (D:10)
  A howler monkey (D:10)
  8 wights
  An electric eel (D:10)
  2 jellies
  2 quasits
  5 hounds
  7 orc wizards
  A gnoll shaman (D:9)
  2 orc priests
  4 iguanas
  A centaur skeleton (D:4)
  4 worker ants
  A hound skeleton (D:8)
  A worker ant zombie (D:7)
  9 gnolls
  7 adders
  4 ufetubi
  An adder zombie (D:7)
  2 adder skeletons
  3 worms
  2 dart slugs
  5 leopard geckos
  31 orcs
  5 giant cockroaches
  6 goblins
  8 hobgoblins
  10 jackals
  4 quokkas
  4 ball pythons
  11 bats
  7 frilled lizards
  24 kobolds
  A leopard gecko skeleton (D:9)
  9 rats
243 creatures vanquished.

Vanquished Creatures (others)
  5 fungi (Lair:1)
  6 plants
11 creatures vanquished.

Grand Total: 254 creatures vanquished

Notes
Turn   | Place    | Note
-------+----------+-------------------------------------------
     0 | D:1      | Thatotherguy the Formicid Fighter began the quest for the
                  | Orb.
     0 | D:1      | Reached XP level 1. HP: 18/18 MP: 1/1
   147 | D:1      | Reached XP level 2. HP: 24/24 MP: 2/2
   255 | D:1      | Reached skill level 3 in Axes
   406 | D:1      | Reached XP level 3. HP: 29/29 MP: 3/3
  1179 | D:2      | Reached skill level 4 in Axes
  1179 | D:2      | Reached XP level 4. HP: 33/35 MP: 4/4
  1750 | D:3      | Reached XP level 5. HP: 41/41 MP: 5/5
  1873 | D:3      | Reached skill level 5 in Axes
  1910 | D:3      | Found a hazy altar of Hepliaklqana.
  2006 | D:3      | Found a faded altar of an unknown god.
  2560 | D:4      | Got a distressingly furry leather armour
  2571 | D:4      | Identified the +3 leather armour of Heschuem {rF+ Str+2
                  | Int-5} (You found it on level 4 of the Dungeon)
  2705 | D:4      | Reached XP level 6. HP: 47/47 MP: 6/6
  2718 | D:4      | Noticed an ogre
  2723 | D:4      | Reached skill level 6 in Axes
  2749 | D:3      | Killed an ogre
  2998 | D:4      | Found Vonil's Antique Weapon Shop.
  3024 | D:4      | Reached XP level 7. HP: 52/52 MP: 7/7
  3043 | D:5      | Entered Level 5 of the Dungeon
  3105 | D:5      | Reached skill level 7 in Axes
  3190 | D:5      | Found a radiant altar of Vehumet.
  3197 | D:5      | Found Anlim's Serpentskin Sales.
  3281 | D:5      | Reached skill level 8 in Axes
  3293 | D:5      | Found Banist's Armour Emporium.
  3393 | D:5      | Reached XP level 8. HP: 58/58 MP: 8/8
  3776 | D:6      | Reached skill level 9 in Axes
  3836 | D:6      | Found Baboh's Magic Scroll Boutique.
  3854 | D:6      | Bought a scroll of remove curse for 36 gold pieces
  3854 | D:6      | Bought a scroll of identify for 24 gold pieces
  4117 | D:6      | Reached skill level 10 in Axes
  4230 | D:6      | Found a shadowy altar of Dithmenos.
  4242 | D:6      | Found Jaury's Gadget Boutique.
  4270 | D:6      | Bought a condenser vane (2/2) for 260 gold pieces
  4407 | D:6      | Found Ocvuck's Assorted Antiques.
  4522 | D:6      | Found Dyl Hiar's Assorted Antiques.
  4554 | D:6      | Reached XP level 9. HP: 64/64 MP: 9/9
  4840 | D:7      | Reached skill level 11 in Axes
  4877 | D:7      | Found a staircase to the Ecumenical Temple.
  4913 | Temple   | Entered the Ecumenical Temple
  5168 | Temple   | Became a worshipper of Qazlal Stormbringer
  5245 | D:7      | Reached skill level 12 in Axes
  5315 | D:7      | Found a sparkling altar of Nemelex Xobeh.
  5853 | D:7      | Found Jilaurho's Gadget Boutique.
  6165 | D:8      | Noticed Psyche
  6185 | D:8      | Killed Psyche
  6185 | D:8      | Reached XP level 10. HP: 56/70 MP: 10/10
  6348 | D:8      | Noticed Joseph
  6365 | D:8      | Killed Joseph
  6365 | D:8      | Reached skill level 13 in Axes
  6428 | D:8      | Found a shimmering blue altar of Sif Muna.
  6429 | D:8      | Found a basalt altar of Yredelemnul.
  6947 | D:9      | Reached * piety under Qazlal
  7069 | D:9      | Noticed a two-headed ogre
  7628 | D:9      | Killed a two-headed ogre
  7628 | D:9      | Reached skill level 14 in Axes
  7918 | D:9      | Found Dutqafa's Desiderata Depot.
  8182 | D:10     | Entered Level 10 of the Dungeon
  8186 | D:10     | Found Fokent's General Store.
  8207 | D:10     | Found Celetyg's Jewellery Shoppe.
  8259 | D:10     | Found a staircase to the Lair.
  8278 | D:10     | Reached ** piety under Qazlal
  8371 | D:10     | Reached XP level 11. HP: 53/75 MP: 11/11
  8496 | D:10     | Found Pedurisu's Antique Armour Emporium.
  8635 | D:10     | Reached skill level 15 in Axes
  9078 | Lair:1   | Entered Level 1 of the Lair of Beasts
  9118 | Lair:1   | Noticed Nergalle
  9131 | Lair:1   | Killed Nergalle
  9402 | Lair:1   | Reached skill level 1 in Invocations
  9565 | Lair:1   | Noticed an eight-headed hydra
  9569 | Lair:1   | Noticed an ettin
  9569 | Lair:1   | an eight-headed hydra changed into an ettin
  9589 | Lair:1   | Slain by an ettin

Illustrated notes

Levels and vault maps discovered:
D:1:      giann_bridges, layout_basic
D:2:      layout_basic
D:3:      layout_loops_ring, lemuel_round_altar,
          chequers_ecumenical_altar_grove, chequers_jeans
D:4:      layout_gridville, serial_shops, kennysheep_mini_moat,
          roderic_lattice_a, minmay_a_box_with_orc_wizards_in_it
D:5:      layout_gridville, kennysheep_little_box, serial_shops,
          nicolae_shop_trees, hangedman_decor_points,
          kennysheep_decorative_pillar, guppyfry_shop_venom
D:6:      layout_basic, grunt_dithmenos_smoke_and_mirrors, serial_shops,
          shop_statue, nicolae_shop_statue_plus, nicolae_shop_statue_plus, shop
D:7:      layout_basic, lemuel_round_altar, minmay_temple_entry_ruins,
          serial_shops, shop
D:8:      layout_loops_ring, grunt_temple_overflow_open, grunt_decor_cap,
          uniq_joseph, uniq_psyche
D:9:      layout_rooms, minivault_1, nicolae_alphabet_shops,
          small_statue_intersection, minmay_misc_feat_cross
D:10:     layout_basic, lair_entry_dummy, serial_shops, shop_fountains, shop,
          shop, shop_fountains, shop_statue
Temple:   regret_index_temple_sphere_string
Lair:1:   statuecave_lemuel, layout_long_grid, uniq_nergalle

Skill      XL: |  1  2  3  4  5  6  7  8  9 10 11 |
---------------+----------------------------------+-----
Axes           | 3 4 5 6 8 10 12 14 15 | 15.7
Invocations    | 2 |  2.5
Fighting       | 4 |  4.2
Armour         | |  3.2
Shields        | |  3.6

Action                   |  1- 3 |  4- 6 |  7- 9 | 10-12 || total
-------------------------+-------+-------+-------+-------++-------
Melee: War axe           |    74 |   189 |   319 |   279 ||   861
       Battleaxe         |       |       |       |    54 ||    54
Evoke: Wand              |       |       |       |     4 ||     4
  Use: Scroll            |       |       |     2 |       ||     2
       Potion            |       |       |       |     3 ||     3
Armor: Plate armour      |    55 |       |       |       ||    55
       Scale mail        |     7 |       |       |       ||     7
       Crystal plate arm |       |   108 |   133 |   180 ||   421
Dodge: Dodged            |    16 |     6 |    13 |    15 ||    50
Block: Kite shield       |    39 |   147 |   206 |   254 ||   646
       Reflection        |       |     2 |     3 |     3 ||     8

Table legend: (Time is in decaauts)
 A = Elapsed time spent in this place.
 B = Non-inter-level travel time spent in this place.
 C = Inter-level travel time spent in this place.
 D = Time resting spent in this place.
 E = Time spent auto-exploring this place.
 F = Levels seen in this place.
 G = Mean time per level.
                   A        B        C        D        E       F      G
               +--------+--------+--------+--------+--------+-----+--------+
         Total |   9661 |   9293 |    368 |   1663 |   5635 |  12 |  805.1 |
       Dungeon |   8869 |   8513 |    356 |   1307 |   5334 |  10 |  886.9 |
        Temple |    279 |    267 |     12 |    218 |     26 |   1 |  279.0 |
          Lair |    512 |    512 |      0 |    138 |    275 |   1 |  512.0 |
               +--------+--------+--------+--------+--------+-----+--------+

Top non-repeatable levels by time:
     D:1: 1168 daAuts
     D:6: 1079 daAuts
     D:8: 1044 daAuts
     D:7: 1033 daAuts
     D:9: 989 daAuts
    D:10: 884 daAuts
     D:3: 883 daAuts
     D:5: 702 daAuts
     D:2: 617 daAuts
  Lair:1: 512 daAuts
     D:4: 466 daAuts
  Temple: 279 daAuts
